 Dungeon Crawl Stone Soup version 0.21-a0-509-gecc5317 (webtiles) character file.

3613 kae the Grappler (level 9, -2/92 HPs)
             Began as a Troll Monk on Nov 29, 2017.
             Was a Priest of Wu Jian.
             Slain by melvinkitnick's ghost (36 damage)
             ... on level 8 of the Dungeon.
             The game lasted 00:07:51 (6150 turns).

kae the Grappler (Troll Monk)                       Turns: 6150, Time: 00:07:52

Health: -2/92      AC:  6    Str: 21    XL:     9   Next: 86%
Magic:  8/8        EV: 14    Int:  4    God:    Wu Jian [***...]
Gold:   441        SH:  0    Dex: 17    Spells: 8/8 levels left

rFire    + . .     SeeInvis .     - Unarmed
rCold    . . .     Gourm    +   (no shield)
rNeg     . . .     Faith    .   a - +0 robe
rPois    .         Spirit   .   (helmet restricted)
rElec    .         Reflect  .   p - +0 cloak
rCorr    .         Harm     .   (gloves unavailable)
MR       .....                  (boots unavailable)
Stlth    ++........             (no amulet)
HPRegen  0.65/turn              (no ring)
MPRegen  0.11/turn              (no ring)

@: no status effects
A: large, unfitting armour, claws 3, agile 1, dopey 1, fire resistance 1, fast
metabolism 3, gourmand, regeneration 1, shaggy fur 1, tough skin 2
a: Serpent's Lash, Renounce Religion


You were on level 8 of the Dungeon.
You worshipped Wu Jian.
Wu Jian was most pleased with you.
You were not hungry.

You visited 1 branch of the dungeon, and saw 8 of its levels.

You collected 441 gold pieces.

Inventory:

Armour
 a - a +0 robe (worn)
 p - a +0 cloak (worn)
Jewellery
 m - an uncursed amulet of harm
Wands
 n - a wand of clouds (5)
Scrolls
 d - 2 scrolls of identify
 i - 2 scrolls of amnesia
 r - 2 scrolls of enchant weapon
 u - 2 scrolls of remove curse
 w - 3 scrolls of teleportation
Potions
 c - a potion of haste
 e - 3 potions of might
 f - a potion of mutation
 g - 2 potions of flight
 j - 2 potions of curing
 q - a potion of degeneration
 s - a potion of agility
 t - 2 potions of brilliance
 v - 2 potions of resistance
Comestibles
 b - 5 bread rations
 h - a meat ration
 k - 3 fruits
 l - 3 royal jellies


   Skills:
 + Level 6.4 Fighting
 + Level 6.4 Dodging
 - Level 1.0 Stealth
 * Level 10.5 Unarmed Combat


You had 8 spell levels left.
You didn't know any spells.

Dungeon Overview and Level Annotations

Branches:
Dungeon (8/15)             Temple (0/1) D:7
   Lair: D:8-11

Altars:
Dithmenos
Hepliaklqana
Qazlal
Ru
Sif Muna
Uskayaw
Vehumet
Wu Jian
Yredelemnul
The Shining One

Annotations:
D:8 melvinkitnick's ghost, journeyman TrMo


Innate Abilities, Weirdness & Mutations

You are too large for most types of armour.
You have claws for hands.
Your metabolism is lightning-fast.
You like to eat raw meat.
Your natural rate of healing is unusually fast.
You are covered in fur. (AC +1)
You have very tough skin. (AC +2)
You are agile. (Dex +2)
You are dopey. (Int -2)
Your flesh is heat resistant. (rF+)


Message History

Melvinkitnick's ghost completely misses you.
Melvinkitnick's ghost says, "I was once a great warrior, and I still am!"
You lunge at melvinkitnick's ghost.
You claw melvinkitnick's ghost!
Melvinkitnick's ghost is lightly damaged.
Melvinkitnick's ghost hits you!!
You repeatedly attack melvinkitnick's ghost from above.
You claw melvinkitnick's ghost!
Melvinkitnick's ghost is moderately damaged.
You scratch melvinkitnick's ghost.
Melvinkitnick's ghost is moderately damaged.
Melvinkitnick's ghost hits you but does no damage.
Melvinkitnick's ghost hits you!
You spin and attack melvinkitnick's ghost repeatedly.
You scratch melvinkitnick's ghost.
Melvinkitnick's ghost is moderately damaged.
You claw melvinkitnick's ghost!
Melvinkitnick's ghost is moderately damaged.
Melvinkitnick's ghost whispers, "There is no future for you."
Melvinkitnick's ghost hits you!!!
You die...

##################
#................#
#................#
+................#
#................#
#................#
#................#
#.............W..#
#..<.........@...#
#................#
#................#
#................#
####.........[...<..#
............))......#
....................#
..........<(#########
............#


You could see melvinkitnick's ghost (pinned).

Vanquished Creatures
  The ghost of Gerstahl the Slasher, a novice NaSk of Okawaru (D:7)
  The ghost of Gildeon the Cleaver, a novice MiFi of Nemelex Xobeh (D:6)
  Grinder (D:3)
  Sigmund (D:4)
  Menkaure (D:4)
  An ice beast (D:4)
  A black bear (D:6)
  2 sky beasts
  2 ogres (D:4)
  A phantom (D:4)
  3 centaurs
  A big kobold (D:6)
  2 bullfrogs
  4 scorpions
  A water moccasin skeleton (D:7)
  3 crimson imps
  2 jellies
  A gnoll shaman (D:8)
  A centaur skeleton (D:5)
  An iguana (D:7)
  4 hounds
  2 orc wizards (D:4)
  A bullfrog skeleton (D:7)
  5 worker ants
  A hound skeleton (D:6)
  A hound zombie (D:7)
  A worker ant zombie (D:5)
  7 gnolls
  10 adders
  A shadow imp (D:6)
  An ooze (D:7)
  An adder skeleton (D:7)
  2 worms
  2 leopard geckos
  5 orcs
  8 giant cockroaches
  5 goblins
  7 hobgoblins
  3 jackals (D:4)
  3 quokkas
  A ball python (D:5)
  9 bats
  4 frilled lizards
  A jackal zombie (D:7)
  14 kobolds
  A leopard gecko skeleton (D:4)
  A leopard gecko zombie (D:5)
  8 rats
140 creatures vanquished.

Notes
Turn   | Place    | Note
-------+----------+-------------------------------------------
     0 | D:1      | kae the Troll Monk began the quest for the Orb.
     0 | D:1      | Reached XP level 1. HP: 22/22 MP: 0/0
   105 | D:1      | Reached XP level 2. HP: 27/29 MP: 1/1
   173 | D:1      | Found a glowing golden altar of the Shining One.
   712 | D:2      | Reached XP level 3. HP: 33/36 MP: 2/2
   784 | D:2      | Found a shadowy altar of Dithmenos.
  1018 | D:2      | Reached skill level 4 in Unarmed Combat
  1539 | D:3      | Reached XP level 4. HP: 32/44 MP: 3/3
  1790 | D:3      | Found a hazy altar of Hepliaklqana.
  1829 | D:3      | Noticed Grinder
  1837 | D:3      | Killed Grinder
  1837 | D:3      | Reached skill level 5 in Unarmed Combat
  1837 | D:3      | Reached XP level 5. HP: 39/53 MP: 4/4
  1837 | D:3      | Reached XP level 6. HP: 46/61 MP: 5/5
  2030 | D:3      | You fall through a shaft for 2 floors!
  2030 | D:5      | Entered Level 5 of the Dungeon
  2083 | D:4      | Noticed Sigmund
  2098 | D:4      | Killed Sigmund
  2098 | D:4      | Reached skill level 6 in Unarmed Combat
  2240 | D:3      | Reached XP level 7. HP: 47/68 MP: 6/6
  2714 | D:4      | Gained mutation: You are dopey. (Int -2) [potion of mutation]
  2714 | D:4      | Gained mutation: You are agile. (Dex +2) [potion of mutation]
  2714 | D:4      | Gained mutation: Your flesh is heat resistant. (rF+) [potion of mutation]
  3029 | D:4      | Found a shadowy altar of Dithmenos.
  3030 | D:4      | Found a sacrificial altar of Ru.
  3031 | D:4      | Found a glowing golden altar of the Shining One.
  3031 | D:4      | Found a stormy altar of Qazlal.
  3031 | D:4      | Found an ornate altar of the Wu Jian Council.
  3048 | D:4      | Noticed Menkaure
  3067 | D:5      | HP: 3/70 [poisoned by an orc wizard]
  3072 | D:5      | HP: 2/70 [poisoned by an orc wizard]
  3078 | D:5      | HP: 2/70 [poisoned by an orc wizard]
  3083 | D:5      | HP: 3/70 [poisoned by an orc wizard]
  3208 | D:4      | Killed Menkaure
  3208 | D:4      | Reached skill level 7 in Unarmed Combat
  3222 | D:4      | Reached XP level 8. HP: 50/79 MP: 7/7
  3294 | D:4      | Found a hide-covered altar of Uskayaw.
  3294 | D:4      | Found a deep blue altar of Sif Muna.
  3354 | D:4      | Became a worshipper of the Wu Jian Council
  3354 | D:4      | Reached * piety under Wu Jian
  3354 | D:4      | Reached ** piety under Wu Jian
  3591 | D:4      | Found a radiant altar of Vehumet.
  3798 | D:5      | Reached skill level 8 in Unarmed Combat
  3866 | D:5      | Reached skill level 5 in Fighting
  3988 | D:5      | Reached skill level 5 in Dodging
  4433 | D:6      | Reached XP level 9. HP: 71/88 MP: 8/8
  4485 | D:6      | Reached skill level 9 in Unarmed Combat
  4571 | D:6      | Noticed Gildeon's ghost (novice MiFi)
  4956 | D:6      | Killed Gildeon's ghost
  5214 | D:7      | Found a staircase to the Ecumenical Temple.
  5273 | D:7      | Noticed Gerstahl's ghost (novice NaSk)
  5288 | D:7      | Killed Gerstahl's ghost
  5288 | D:7      | Reached skill level 10 in Unarmed Combat
  5383 | D:7      | Found a basalt altar of Yredelemnul.
  5945 | D:8      | Reached *** piety under Wu Jian
  5970 | D:8      | Noticed melvinkitnick's ghost (journeyman TrMo)
  6150 | D:8      | Slain by melvinkitnick's ghost

Vault maps used:
D:1:      shiori_arrival_maze, tso_metal_star
D:2:      nicolae_dithmenos_shadow_blocks
D:3:      lemuel_crystal_altar, nicolae_underground_beach, uniq_grinder
D:4:      marbit_many_paths, grunt_temple_overflow_open, uniq_menkaure,
          uniq_sigmund
D:5:      first_bread, grunt_ministairs_1, minmay_misc_feat_iff
D:7:      lemuel_doored_altar, minmay_temple_entry_junction_2
D:8:      bloody_trog, lemuel_coloured_pillars_altar, minmay_holes,
          blue_anna_alchemist

Skill      XL: |  1  2  3  4  5  6  7  8  9 |
---------------+----------------------------+-----
Unarmed Combat | 4 5 6 7 8 10 | 10.5
Fighting       | 3 4 5 6 |  6.4
Dodging        | 3 4 5 6 |  6.4
Stealth        | |  1.0

Action                   |  1- 3 |  4- 6 |  7- 9 || total
-------------------------+-------+-------+-------++-------
Melee: Unarmed           |    87 |    53 |   278 ||   418
       Punch             |     1 |     2 |     9 ||    12
  Use: Scroll            |     2 |     6 |     8 ||    16
       Potion            |       |     2 |     4 ||     6
 Stab: Sleeping          |     7 |     1 |     3 ||    11
  Eat: Chunk             |    17 |     6 |    34 ||    57
Armor: Robe              |    39 |    19 |    51 ||   109
Dodge: Dodged            |    44 |    30 |   122 ||   196

Table legend:
 A = Spawn XP
 B = Non-spawn XP
 C = Spawn XP percentage of total XP
 D = Spawn monster count
 E = Non-spawn monster count
 F = Spawn count percentage of total count
 G = Total turns spent on level
                    A         B        C        D         E        F      G
               +---------+---------+-------+---------+---------+-------+---------
         Total |       0 |    5162 |   0.0 |       0 |     140 |   0.0 |  6150
               +---------+---------+-------+---------+---------+-------+---------
           D:1 |       0 |      38 |   0.0 |       0 |      25 |   0.0 |   700
           D:2 |       0 |      50 |   0.0 |       0 |      16 |   0.0 |   829
           D:3 |       0 |     441 |   0.0 |       0 |      21 |   0.0 |   967
           D:4 |       0 |    1146 |   0.0 |       0 |      24 |   0.0 |   998
           D:5 |       0 |     705 |   0.0 |       0 |      18 |   0.0 |  1145
           D:6 |       0 |    1419 |   0.0 |       0 |      19 |   0.0 |   575
           D:7 |       0 |    1276 |   0.0 |       0 |      12 |   0.0 |   821
           D:8 |       0 |      87 |   0.0 |       0 |       5 |   0.0 |   115
               +---------+---------+-------+---------+---------+-------+---------
